 Dungeon Crawl Stone Soup version 0.18.1-5-g4a78601 (webtiles) character file.

208 vonhedlund the Magician (level 5, -5/31 HPs)
             Began as a High Elf Conjurer on May 2, 2016.
             Slain by Shenda's ghost (14 damage)
             ... on level 3 of the Dungeon on May 9, 2016.
             The game lasted 00:33:19 (3421 turns).

vonhedlund the Magician (High Elf Conjurer)         Turns: 3421, Time: 00:33:19

Health: -5/31      AC:  4    Str:  8    XL:     5   Next: 55%
Magic:  2/14       EV:  8    Int: 18    God:
Gold:   148        SH:  0    Dex: 16    Spells: 2 memorised, 13 levels left

rFire  . . .     SeeInvis .     x - +3 dagger
rCold  . . .     Gourm    .     a - +0 robe
rNeg   . . .     Faith    .     (no shield)
rPois  .         Spirit   .     f - +2 hat {MR+}
rElec  .         Dismiss  .     (no cloak)
rCorr  .         Reflect  .     (no gloves)
SustAt .         Harm     .     (no boots)
MR     +....                    (no amulet)
Stlth  ++........               (no ring)
                                (no ring)

@: somewhat resistant to hostile enchantments, unstealthy
A: no striking features
a: no special abilities


You were on level 3 of the Dungeon.
You were not hungry.

You visited 2 branches of the dungeon, and saw 5 of its levels.

You collected 148 gold pieces.

Inventory:

Hand Weapons
 x - a +3 dagger (weapon)
Missiles
 n - 17 arrows
 u - 27 bolts
Armour
 a - a +0 robe (worn)
 f - a +2 hat of magic resistance (worn)
 v - a +1 helmet
Jewellery
 l - an uncursed amulet of dismissal
 p - a +5 ring of dexterity {unknown}
 w - an uncursed amulet of magic regeneration {unknown}
Wands
 h - a wand of flame (12/48)
 E - a wand of confusion (19/48)
Scrolls
 d - 2 scrolls of fog {unknown}
 e - a scroll of remove curse {unknown}
 i - 3 scrolls of identify
 o - 2 scrolls of teleportation {unknown}
 t - 2 scrolls of recharging {unknown}
 y - a scroll of enchant weapon {unknown}
 B - a scroll of amnesia {unknown}
Potions
 j - a potion of ambrosia {unknown}
 k - 2 potions of flight {unknown}
 q - 2 potions of curing {unknown}
 r - a potion of lignification {unknown}
 z - a potion of berserk rage {unknown}
 A - a potion of brilliance
 C - a potion of magic {unknown}
 D - a potion of heal wounds {unknown}
Books
 b - a book of Conjurations

   Spells                             Type                      Level
   a - Magic Dart                     Conjuration                  1
   b - Searing Ray                    Conjuration                  2
   c - Dazzling Spray                 Conjuration/Hexes            3
   d - Fulminant Prism                Conjuration/Hexes            4
   e - Iskenderun's Mystic Blast      Conjuration                  4
   f - Iskenderun's Battlesphere      Conjuration/Charms           5
Comestibles
 c - 2 bread rations
 g - 3 beef jerkies
 m - 2 chunks of flesh
 s - a meat ration


   Skills:
 - Level 0.2 Fighting
 - Level 2.1 Dodging
 - Level 2.1 Stealth
 - Level 6.1 Spellcasting
 + Level 5.0 Conjurations


You had 13 spell levels left.
You knew the following spells:

 Your Spells              Type           Power        Failure   Level  Hunger
a - Magic Dart            Conj           ###.         1%          1    None
b - Searing Ray           Conj           ###...       1%          2    None


Dungeon Overview and Level Annotations

Branches:
Dungeon (4/15)             Temple (1/1) D:4

Altars:
Cheibriados
Elyvilon
Fedhas
Gozag
Kikubaaqudgha
Makhleb
Okawaru
Pakellas
Qazlal
Ru
Sif Muna
Trog
Zin
The Shining One

Annotations:
D:3 Shenda's ghost, amateur HOFi
D:4 Edmund; Sigmund


Message History

Shenda's ghost hits you!
The searing ray hits Shenda's ghost.
Shenda's ghost is heavily damaged.
Shenda's ghost barely misses you.
Casting: Searing Ray
Confirm with . or Enter, or press ? or * to list all spells.
Aiming: Searing Ray
Press: ? - help, Shift-Dir - straight line, f/p - Shenda's ghost
Aim: Shenda's ghost (heavily damaged)
The searing ray misses Shenda's ghost.
Shenda's ghost completely misses you.
The searing ray hits Shenda's ghost.
Shenda's ghost is heavily damaged.
Shenda's ghost hits you!
* * * LOW HITPOINT WARNING * * *
The searing ray hits Shenda's ghost.
Shenda's ghost is heavily damaged.
Shenda's ghost closely misses you.
There is a stone staircase leading up here.
Shenda's ghost hits you!
You die...

..........#....#.................
#...........)..'............###.#
#.###.#........#####.........##.#
#.#................+.......#.##.#
#.#.#.##.........###.......#..#.#
...................#.......##.#.#
#..##.....###.#..#.#.......##.#..
.................#.##..######...#
#..###....<#..#.@#.##...........#
.................W..........#.(>#
#..###.........######.#####.#.#.#
..## #....................#<..#.#
### ##.#...............###.###(#
#.#.#.#########.### #.. .[#
#.#.#.# #.# #####.# #.#.#.# #.#
#.# #.#.#.#########.# #.#


You could see Shenda's ghost.

Vanquished Creatures
  An iguana (D:4)
  Terence (D:2)
  A worker ant (D:4)
  4 adders
  4 oozes
  3 worms
  6 giant geckos
  2 ball pythons (D:2)
  4 giant cockroaches
  4 goblins
  7 hobgoblins
  3 jackals (D:2)
  A quokka (D:2)
  7 bats
  6 giant newts
  8 kobolds
  5 rats
67 creatures vanquished.

Notes
Turn   | Place    | Note
--------------------------------------------------------------
     0 | D:1      | vonhedlund the High Elf Conjurer began the quest for the Orb.
     0 | D:1      | Reached XP level 1. HP: 11/11 MP: 4/4
   173 | D:1      | Reached skill level 3 in Spellcasting
   213 | D:1      | Reached XP level 2. HP: 17/17 MP: 1/7
   471 | D:1      | Reached skill level 4 in Spellcasting
   471 | D:1      | Reached XP level 3. HP: 17/21 MP: 3/9
   924 | D:2      | Noticed Terence
  1018 | D:1      | Learned a level 2 spell: Searing Ray
  1230 | D:2      | Killed Terence
  1230 | D:2      | Reached XP level 4. HP: 27/27 MP: 2/11
  1261 | D:2      | Reached skill level 5 in Spellcasting
  1651 | D:2      | Found a deep blue altar of Sif Muna.
  1753 | D:2      | Found a blossoming altar of Fedhas.
  1869 | D:3      | Noticed Shenda's ghost (amateur HOFi)
  2046 | D:4      | Reached XP level 5. HP: 29/31 MP: 2/14
  2088 | D:4      | Reached skill level 6 in Spellcasting
  2229 | D:4      | HP: 1/31 [iguana (4)]
  2705 | D:4      | Found a staircase to the Ecumenical Temple.
  2718 | Temple   | Entered the Ecumenical Temple
  2932 | D:4      | Noticed Sigmund
  2947 | D:4      | Noticed Edmund
  3322 | D:3      | Reached skill level 5 in Conjurations
  3367 | D:3      | Upgraded the game from 0.18-b1-18-g7758cf2 to 0.18.0-1-g0107ab7
  3367 | D:3      | Upgraded the game from 0.18.0-1-g0107ab7 to 0.18.1-5-g4a78601
  3421 | D:3      | Slain by Shenda's ghost

Skill      XL: |  1  2  3  4  5 |
---------------+----------------+-----
Spellcasting   | 3 4 5 6 |  6.1
Conjurations   | 5 |  5.0
Fighting       | |  0.2
Dodging        | |  2.1
Stealth        | |  2.1

Action                   |  1- 3 |  4- 6 || total
-------------------------+-------+-------++-------
Melee: Unarmed           |    21 |       ||    21
       Dagger            |    16 |    33 ||    49
 Cast: Magic Dart        |    55 |    35 ||    90
       Searing Ray       |     1 |    22 ||    23
  Use: Scroll            |       |     1 ||     1
       Potion            |       |     1 ||     1
 Stab: Sleeping          |       |     2 ||     2
  Eat: Chunk             |     1 |     4 ||     5
       Pizza             |       |     1 ||     1
       Beef jerky        |       |     1 ||     1
Armor: Robe              |    17 |     9 ||    26
Dodge: Dodged            |    30 |    52 ||    82
